 Dungeon Crawl Stone Soup version 0.29.0-13-gc9e81de378 (webtiles) character file.

Game seed: 3273829913466080277

44 gelatine the Sneak (level 3, -1/16 HPs)
             Began as a Spriggan Enchanter on Sept 7, 2022.
             Slain by Jessica
             ... wielding a +0 club
              (4 damage)
             ... on level 2 of the Dungeon.
             The game lasted 00:04:51 (1465 turns).

gelatine the Sneak (Spriggan Enchanter)             Turns: 1465, Time: 00:04:52

Health: -1/16      AC:  2    Str:  4    XL:     3   Next: 39%
Magic:  2/8        EV: 14    Int: 18    God:
Gold:   29         SH:  0    Dex: 15    Spells: 6/8 levels left

rFire   . . .      SeeInvis +   a - +1 dagger
rCold   . . .      Faith    .   (no shield)
rNeg    . . .      Spirit   .   b - +0 robe
rPois   +          Reflect  .   (helmet restricted)
rElec   .          Harm     .   (no cloak)
rCorr   .          Rampage  .   (gloves unavailable)
Will    +....                   (boots unavailable)
Stlth   +++.......              (no amulet)
HPRegen 0.05/turn               d - ring of poison resistance
MPRegen 0.11/turn               g - ring of willpower

@: constricted, very quick
A: very small, no large weapons, unfitting armour, see invisible, speed 3
a: no special abilities


You were on level 2 of the Dungeon.
You visited 1 branch of the dungeon, and saw 2 of its levels.

You collected 29 gold pieces.

Inventory:

Hand Weapons
 a - a +1 dagger (weapon)
Missiles
 k - 2 poisoned darts
Armour
 b - a +0 robe (worn)
Magical Staves
 l - a staff of conjuration
Jewellery
 d - a ring of poison resistance (left hand)
 g - a ring of willpower (right hand)
Scrolls
 h - a scroll of immolation {unknown}
 i - 3 scrolls of identify {unknown}
 m - a scroll of poison {unknown}
Potions
 c - 2 potions of invisibility
 e - a potion of curing
 f - a potion of degeneration {unknown}
 j - a potion of heal wounds {unknown}
 n - a potion of flight {unknown}


   Skills:
 * Level 0.3 Fighting
 + Level 1.4 Short Blades
 + Level 3.0 Dodging
 + Level 5.1 Stealth
 + Level 3.1 Spellcasting
 + Level 4.1 Hexes
 + Level 0.3 Ice Magic


You had 6 spell levels left.
You knew the following spells:

 Your Spells              Type           Power      Damage    Failure   Level
a - Ensorcelled Hibernat  Hex/Ice        20%        N/A       10%         2

Your spell library contained the following spells:

 Spells                   Type           Power      Damage    Failure   Level
 Confusing Touch          Hex            17%        N/A       9%          3
 Tukima's Dance           Hex            17%        N/A       9%          3
 Dazzling Flash           Conj/Hex       20%        N/A       21%         3
 Gell's Gravitas          Tloc           2%         N/A       43%         3
 Lesser Beckoning         Tloc           2%         N/A       43%         3
 Teleport Other           Tloc           2%         N/A       43%         3


Dungeon Overview and Level Annotations

Branches:
Dungeon (2/15)

Altars:

Annotations:
D:2 Jessica, Sigmund


Innate Abilities, Weirdness & Mutations

You are very small and have problems with some larger weapons.
You are too small for most types of armour.
You have supernaturally acute eyesight. (SInv)
You cover ground extremely quickly. (Speed+++)


Message History

A ball python and a dart slug come into view.
Found a club and a dented jasper amulet.
Found a faded altar of an unknown god.
A ball python comes into view.
The ball python hisses angrily.
The dart slug launches a dart at you. The slug dart hits you.
The ball python hisses angrily.
You hit the dart slug.
The dart slug is moderately wounded.
Jessica the Apprentice Sorceress comes into view.
She is wielding a +0 club.
The dart slug resists with significant effort.
The ball python closely misses you. The ball python grabs you.
The ball python constricts you. The dart slug bites you.
You hit the dart slug.
The dart slug is heavily wounded.
The ball python closely misses you. The ball python constricts you.
The dart slug barely misses you.
The ball python resists with significant effort.
The ball python loses its grip on you.
Jessica mumbles some strange words.
Jessica blinks!
The dart slug resists with significant effort.
The ball python bites you. The ball python misses you.
The ball python barely misses you. x2; The dart slug completely misses you.
Jessica casts a spell.
Jessica seems to speed up.
The ball python closely misses you. x2
You don't have enough magic to cast this spell.
Jessica hits you but does no damage.
You closely miss Jessica. Jessica misses you. Jessica hits you with a +0 club.
You hit Jessica.
Jessica is moderately wounded.
The ball python misses you. x2; Jessica hits you with a +0 club.
* * * LOW HITPOINT WARNING * * *
The ball python barely misses you. The ball python grabs you.
The ball python constricts you.
You closely miss Jessica.
Jessica is moderately wounded.
The ball python closely misses you. Jessica hits you with a +0 club.
You die...

..### #..## #...#
#...# #.#.## #...##
#....# ##...#####
#....# ##.......
#....# #......@
#....#######...####
##SSw........#.####
#@#..###..###.##..
#@##Sw##...##.##.#
##.##...#.#....##.#
...........####.#..#
....)....### #.....
...._....# ##...##
...."....# ##....##
.....)...# ##.......
.........# #.......#


You could see a dart slug, Jessica (fast) and 2 ball pythons.

Vanquished Creatures
  An adder (D:2)
  A worm (D:2)
  A dart slug (D:1)
  4 endoplasms
  2 hobgoblins
  2 jackals (D:1)
  2 ball pythons
  5 bats
  A frilled lizard (D:2)
  2 goblins
  2 kobolds
  5 rats (D:1)
28 creatures vanquished.

Notes
Turn   | Place    | Note
-------+----------+-------------------------------------------
     0 | D:1      | gelatine the Spriggan Enchanter began the quest for the
                  | Orb.
     0 | D:1      | Reached XP level 1. HP: 9/9 MP: 5/5
   662 | D:1      | Reached XP level 2. HP: 12/13 MP: 6/6
   667 | D:1      | Learned a level 2 spell: Ensorcelled Hibernation
  1065 | D:2      | Reached skill level 5 in Stealth
  1065 | D:2      | Reached XP level 3. HP: 14/16 MP: 1/8
  1426 | D:2      | Noticed Sigmund
  1448 | D:2      | Found a faded altar of an unknown god.
  1451 | D:2      | Noticed Jessica
  1465 | D:2      | Slain by Jessica

Illustrated notes

Levels and vault maps discovered:
D:1:      saegor_arrival_under_anarchy, layout_rooms, corexii_corridor_pit
D:2:      layout_rooms, basic_ecumenical_altar, uniq_sigmund, uniq_jessica

Skill      XL: |  1  2  3 |
---------------+----------+-----
Hexes          | 4 |  4.1
Stealth        | 5 |  5.1
Spellcasting   | 3 |  3.1
Dodging        | 3 |  3.0
Fighting       | |  0.3
Short Blades   | |  1.4
Ice Magic      | |  0.3

Action                   || total
-------------------------++-------
Melee: Dagger            ||    80
       Punch             ||     1
 Cast: Ensorcelled Hiber ||    22
  Use: Potion            ||     1
 Stab: Sleeping          ||    15
Armor: Robe              ||     7
Dodge: Dodged            ||    80
